 Dungeon Crawl Stone Soup version 0.31-a0-237-g2d982f9f85 (webtiles) character file.

Game seed: 1395821231804473224

593 qw the Shooter (level 7, -3/59 HPs)
             Began as a Minotaur Hexslinger on July 10, 2023.
             Slain by a gnoll bouda
             ... wielding a +0 club
              (8 damage)
             ... on level 4 of the Dungeon.
             The game lasted 00:01:33 (2761 turns).

qw the Shooter (Minotaur Hexslinger)                Turns: 2761, Time: 00:01:34

Health: -3/59      AC:  3    Str: 13    XL:     7   Next: 16%
Magic:  7/7        EV: 17    Int: 10    God:
Gold:   44         SH:  0    Dex: 14    Spells: 7/8 levels left

rFire   . . .        Y - +1 sling
rCold   . . .        (no shield)
rNeg    . . .        l - +0 leather armour
rPois   .            (helmet restricted)
rElec   .            (no cloak)
rCorr   .            (no gloves)
SInv    .            (no boots)
Will    .....        j - amulet of regeneration
Stlth   +            d - +5 ring of evasion
HPRegen 1.09/turn    (no ring)
MPRegen 0.10/turn

%: no passive effects
@: weakened
A: horns 2, retaliatory headbutt
a: no special abilities


You were on level 4 of the Dungeon.
You visited 1 branch of the dungeon, and saw 4 of its levels.
You also visited: Sewer.

You collected 196 gold pieces.
You spent 152 gold pieces at shops.


Innate Abilities, Weirdness & Mutations

You have a pair of horns on your head.
You reflexively headbutt those who attack you in melee.


   Skills:
 - Level 4.1 Fighting
 + Level 7.9 Ranged Weapons
 - Level 2.1 Dodging
 - Level 1.0 Spellcasting
 - Level 2.0 Hexes


You had 7 spell levels left.
You knew the following spells:

 Your Spells              Type           Power      Damage    Failure   Level
a - Slow                  Hex            16%        N/A       19%         1

Your spell library contained the following spells:

 Spells                   Type           Power      Damage    Failure   Level
 Inner Flame              Hex/Fire       2%         N/A       65%         3
 Portal Projectile        Hex/Tloc       4%         N/A       65%         3
 Cause Fear               Hex            2%         N/A       88%         4

Inventory:

Hand Weapons
 Y - a +1 sling (weapon)
Armour
 l - a +0 leather armour (worn)
Jewellery
 d - a +5 ring of evasion (left hand)
 j - an amulet of regeneration (around neck)
 k - a ring of fire
Scrolls
 c - a scroll of identify
Potions
 a - a potion of might {unknown}
 b - 2 potions of haste
 e - a potion of enlightenment {unknown}
 f - 2 potions of cancellation {unknown}
 g - a potion of brilliance {unknown}

Dungeon Overview and Level Annotations

Branches:
Dungeon (4/15)              Sewer (visited)
 Temple: D:4-7

Altars:
Elyvilon

Shops:
D:3 *

Annotations:
D:1 2 transporters


Message History

The gnoll bouda is heavily wounded.
The gnoll bouda completely misses you. The gnoll barely misses you.
The gnoll closely misses you.
You shoot a sling bullet.
The sling bullet hits the gnoll bouda but does no damage.
The gnoll bouda is heavily wounded.
The gnoll bouda misses you. The gnoll barely misses you. The gnoll misses you.
You shoot a sling bullet. The sling bullet hits the gnoll bouda.
The gnoll bouda is severely wounded.
The gnoll bouda prays to its god.
The gnoll bouda is healed somewhat.
The gnoll misses you.
The gnoll hits you from afar with a +0 spear.
You shoot a sling bullet. The sling bullet hits the gnoll bouda.
The gnoll bouda is severely wounded.
The gnoll is no longer moving quickly.
The gnoll bouda barks out a call to the hunt!
The gnolls pick up the pace!
The gnoll completely misses you.
The gnoll hits you from afar with a +0 spear.
You shoot a sling bullet.
The sling bullet barely misses the gnoll bouda.
The gnoll bouda completely misses you. The gnoll closely misses you.
The gnoll barely misses you.
You shoot a sling bullet. The sling bullet hits the gnoll bouda.
The gnoll bouda is almost dead.
The gnoll bouda gazes fiercely through you!
You feel as though you will be weak longer.
The gnoll bouda hits you with a +0 club!
The gnoll hits you from afar with a +1 spear of flaming!
The gnoll burns you. The gnoll closely misses you.
You shoot a sling bullet.
The sling bullet barely misses the gnoll bouda.
The gnoll bouda utters an invocation to its god.
The gnoll bouda is healed somewhat.
The gnoll hits you from afar with a +1 spear of flaming.
The gnoll burns you. The gnoll completely misses you.
You shoot a sling bullet. The sling bullet hits the gnoll bouda.
The gnoll bouda is almost dead.
The gnoll bouda hits you with a +0 club!
You die...

...### ###>%..(......
##..# ##...).........
###.#####..###[........
#.........## #..##.#######
..#......## ##...........
########..#####..#........
# #....<.....#.........
######..........g)........
.....>....####..@)g.......
..###..).###...###g.......
#...#....##..### #........
........###.### #........
#.#.#.#).:..... ?...#####
.....:..#...### ###.g
.#.#.#.)....## ##.
........>....## .g
..............# .g


You could see a gnoll bouda and 2 gnolls.

Vanquished Creatures
  An ogre (D:4)
  A kobold brigand (Sewer)
  A scorpion (D:4)
  A jelly (D:4)
  9 adders
  9 gnolls
  7 river rats
  A dart slug (D:1)
  5 orcs (D:4)
  3 bats (D:1)
  8 endoplasms
  A giant cockroach (D:2)
  6 goblins
  5 hobgoblins
  3 jackals (D:3)
  18 kobolds
  4 quokkas
  15 ball pythons
  5 frilled lizards
  21 rats
124 creatures vanquished.

Notes
Turn   | Place    | Note
-------+----------+-------------------------------------------
     0 | D:1      | qw the Minotaur Hexslinger began the quest for the Orb.
     0 | D:1      | Reached XP level 1. HP: 16/16 MP: 1/1
     0 | D:1      | 0 ||| qw: Version: 0.3-a-52-g30416fa
     0 | D:1      | 0 ||| qw: Game counter: 5023
     0 | D:1      | 0 ||| qw: Melee chars always use a shield: true
     0 | D:1      | 0 ||| qw: God list: Okawaru
     0 | D:1      | 0 ||| qw: Allow faded altars: false
     0 | D:1      | 0 ||| qw: Do Orc after clearing Dungeon:15 true
     0 | D:1      | 0 ||| qw: Do second Lair branch before Depths: true
     0 | D:1      | 0 ||| qw: Lair rune preference: random
     0 | D:1      | 0 ||| qw: Goals: Normal
     0 | D:1      | 0 ||| PLANNING D:1-11
   207 | D:1      | Reached skill level 3 in Ranged Weapons
   207 | D:1      | Reached XP level 2. HP: 23/23 MP: 2/2
   239 | D:1      | Found a faded altar of an unknown god.
   538 | D:1      | 538 ||| UPGRADING to +5 ring of evasion.
   539 | D:1      | 539 ||| DROPPING scroll of poison.
   754 | D:2      | Reached XP level 3. HP: 29/29 MP: 3/3
  1024 | D:2      | Reached skill level 4 in Ranged Weapons
  1168 | D:2      | 1168 ||| UPGRADING to +0 leather armour.
  1178 | D:2      | 1178 ||| DROPPING +0 robe.
  1179 | D:2      | 1179 ||| UPGRADING to amulet of regeneration.
  1184 | D:2      | 1184 ||| READING scroll labelled ODDOEH SAIKLE.
  1185 | D:2      | 1185 ||| READING scroll labelled WIOCRUGHOE.
  1186 | D:2      | 1186 ||| READING scroll labelled ANYJU MALUGH.
  1187 | D:2      | 1187 ||| READING scroll labelled PIDEES NOCOAGI.
  1188 | D:2      | 1188 ||| READING scroll labelled TEBUNU UNEI.
  1189 | D:2      | 1189 ||| READING scroll labelled EXKA FOKHLIYR.
  1194 | D:2      | 1194 ||| READING scroll labelled SOVIEF LUWE.
  1210 | D:3      | 1210 ||| PLANNING SEWER
  1221 | D:3      | Reached XP level 4. HP: 31/36 MP: 4/4
  1262 | D:3      | Found a glowing drain.
  1284 | Sewer    | Entered a sewer
  1297 | Sewer    | Reached skill level 5 in Ranged Weapons
  1330 | Sewer    | Noticed a kobold brigand
  1339 | Sewer    | Killed a kobold brigand
  1340 | Sewer    | Reached XP level 5. HP: 37/46 MP: 5/5
  1772 | Sewer    | 1772 ||| READING 2 scrolls labelled XEJEM JAROCWOSO.
  1773 | Sewer    | 1773 ||| READING scroll labelled OHUEZXUSAX.
  1774 | Sewer    | 1774 ||| DRINKING 2 ruby potions.
  1775 | Sewer    | 1775 ||| DRINKING 2 metallic brown potions.
  1776 | Sewer    | 1776 ||| DROPPING scroll of immolation.
  1777 | Sewer    | 1777 ||| DROPPING potion of magic.
  1805 | D:3      | 1805 ||| PLANNING D:1-11
  1899 | D:3      | Reached XP level 6. HP: 52/52 MP: 6/6
  1950 | D:3      | Reached skill level 6 in Ranged Weapons
  1958 | D:3      | HP: 13/52 [gnoll/+0 halberd (1)]
  1959 | D:3      | 1959 ||| READING scroll of teleportation.
  1960 | D:3      | HP: 4/52 [gnoll/+0 halberd (12)]
  1961 | D:3      | Found a white marble altar of Elyvilon.
  2289 | D:3      | Found Vesuewk's Assorted Antiques.
  2293 | D:3      | 2293 ||| BUYING crooked gold wand (76 gold).
  2293 | D:3      | Bought a crooked gold wand for 76 gold pieces
  2293 | D:3      | 2293 ||| BUYING encrusted bronze wand (76 gold).
  2293 | D:3      | Bought an encrusted bronze wand for 76 gold pieces
  2293 | D:3      | 2293 ||| SHOPLISTING glowing cloak (142 gold, have 18).
  2293 | D:3      | 2293 ||| SHOPLISTING pitted leather armour (133 gold, have
                  | 18).
  2293 | D:3      | 2293 ||| SHOPLISTING scroll of teleportation (57 gold, have
                  | 18).
  2426 | D:3      | 2426 ||| DRINKING 2 sapphire potions.
  2427 | D:3      | 2427 ||| DROPPING wand of mindburst (10).
  2428 | D:3      | 2428 ||| DROPPING wand of charming (5).
  2699 | D:4      | Reached skill level 7 in Ranged Weapons
  2713 | D:4      | Reached XP level 7. HP: 59/59 MP: 7/7
  2730 | D:4      | 2730 ||| FLEEEEING.
  2731 | D:4      | 2731 ||| FLEEEEING.
  2745 | D:4      | HP: 14/59 [gnoll/+0 spear[a gnoll bouda] (3)]
  2746 | D:4      | 2746 ||| DRINKING potion of heal wounds.
  2759 | D:4      | HP: 12/59 [gnoll/+1 spear of flaming[a gnoll bouda] (7)]
  2760 | D:4      | HP: 4/59 [gnoll/+1 spear of flaming[a gnoll bouda] (2)]
  2761 | D:4      | Slain by a gnoll bouda

Levels and vault maps discovered:
D:1:      spicycebolla_arrival_transporter_tutorial, layout_loops_ring,
          chequers_ecumenical_altar_twisty
D:2:      layout_basic, minmay_pentomino_o4
D:3:      layout_basic, elyvilon_altar_3, portal_sewer_entry_a, serial_shops,
          shop, kennysheep_decorative_pillar, nicolae_grassy_gnolls
D:4:      layout_rooms, minmay_misc_feat_pillars

Skill      XL: |  1  2  3  4  5  6 |
---------------+-------------------+-----
Ranged Weapons | 3 4 5 7 |  7.9
Fighting       | 2 4 |  4.1
Dodging        | |  2.1
Spellcasting   | |  1.0
Hexes          | |  2.0

Action                     |  1- 3 |  4- 6 |  7- 9 || total
---------------------------+-------+-------+-------++-------
   Fire: Sling             |   105 |   260 |    27 ||   392
    Use: Scroll            |     7 |     3 |       ||    10
         Potion            |       |     3 |     1 ||     4
 Armour: Robe              |     2 |       |       ||     2
         Leather armour    |     1 |     9 |     2 ||    12
  Dodge: Dodged            |    46 |   157 |    42 ||   245

Table legend:
 A = Non-vault XP
 B = Vault XP
 C = Vault XP percentage of total XP
 D = Non-vault monster count
 E = Vault monster count
 F = Vault count percentage of total count
                 A         B        C        D         E       F
            +---------+---------+-------+---------+---------+-------
      Total |     510 |     338 |  39.9 |      69 |      55 |  44.4
            +---------+---------+-------+---------+---------+-------
        D:1 |      29 |       0 |   0.0 |      16 |       0 |   0.0
        D:2 |      46 |      16 |  25.8 |      13 |       2 |  13.3
        D:3 |      49 |      77 |  61.1 |      16 |       9 |  36.0
        D:4 |     386 |       0 |   0.0 |      24 |       0 |   0.0
      Sewer |       0 |     245 | 100.0 |       0 |      44 | 100.0
            +---------+---------+-------+---------+---------+-------
